 Dungeon Crawl Stone Soup version 0.30.0-20-g3615ddf2f0 (webtiles) character file.

Game seed: 17755454200971606251

178 qw the Chopper (level 5, -1/32 HPs)
             Began as a Gargoyle Fighter on June 1, 2023.
             Slain by a kobold brigand
             ... wielding a +0 whip
              (7 damage)
             ... in a sewer.
             The game lasted 00:00:47 (1603 turns).

qw the Chopper (Gargoyle Fighter)                   Turns: 1603, Time: 00:00:48

Health: -1/32      AC: 10    Str: 22    XL:     5   Next: 58%
Magic:  5/5        EV:  9    Int:  8    God:
Gold:   51         SH:  4    Dex:  9    Spells: 4/4 levels left

rFire   . . .        Y - +0 war axe
rCold   . . .        c - +0 buckler
rNeg    + . .        b - +0 scale mail
rPois   inf          (no helmet)
rElec   +            (no cloak)
rCorr   .            (no gloves)
SInv    .            (no boots)
Will    .....        (no amulet) Stlth
                     (no ring)
HPRegen 0.25/turn    (no ring)
MPRegen 0.09/turn

%: no passive effects
@: about to teleport, very slow
A: sickness immunity, AC +4, negative energy resistance 1, electricity
resistance, torment resistance 1, petrification resistance
a: no special abilities


You were in a sewer.
You visited 1 branch of the dungeon, and saw 3 of its levels.
You also visited: Sewer.

You collected 51 gold pieces.


Innate Abilities, Weirdness & Mutations

You are immune to sickness and miasma.
Your stone body is resilient. (AC +4)
You are immune to poison.
You resist negative energy. (rN+)
You are resistant to electric shocks. (rElec)
You are resistant to unholy torment.
You are immune to petrification.


   Skills:
 - Level 3.3 Fighting
 - Level 5.1 Axes
 + Level 0.2 Throwing
 - Level 3.2 Armour
 - Level 3.2 Shields


You had 4 spell levels left.
You didn't know any spells.
Your spell library was empty.

Inventory:

Hand Weapons
 g - a +0 whip
 Y - a +0 war axe (weapon)
Missiles
 i - 3 silver boomerangs (quivered)
Armour
 b - a +0 scale mail (worn)
 c - a +0 buckler (worn)
Scrolls
 e - a scroll of identify
 f - a scroll of teleportation
Potions
 a - a potion of heal wounds {unknown}
 d - a potion of might
 h - a potion of degeneration {unknown}

Dungeon Overview and Level Annotations

Branches:
Dungeon (4/15)              Sewer (1/1)
 Temple: D:4-7

Altars:
Vehumet


Message History

The kobold brigand closely misses you.
The kobold brigand hits you but does no damage.
Your unstable footing causes you to fumble your attack.
The kobold brigand hits you but does no damage.
The kobold brigand splashes around in the water.
Your unstable footing causes you to fumble your attack.
The kobold brigand misses you.
The kobold brigand splashes around in the water.
Your unstable footing causes you to fumble your attack.
The kobold brigand splashes around in the water.
The kobold brigand hits you but does no damage.
The kobold brigand hits you with a +0 dagger.
The kobold brigand completely misses you.
Your unstable footing causes you to fumble your attack.
The kobold brigand splashes around in the water.
The kobold brigand hits you with a +0 dagger.
You hit the kobold brigand but do no damage.
You slash the kobold brigand!
The kobold brigand hits you but does no damage.
The kobold brigand hits you with a +0 whip.
You slash the kobold brigand!
The kobold brigand is heavily wounded.
You hit the kobold brigand.
The kobold brigand hits you but does no damage.
The kobold brigand hits you with a +0 dagger.
Your unstable footing causes you to fumble your attack.
The kobold brigand hits you but does no damage.
The kobold brigand hits you with a +0 whip.
The kobold brigand closely misses you.
The kobold brigand hits you with a +0 dagger.
1602 ||| READING 2 scrolls of teleportation.
As you read the scroll of teleportation, it crumbles to dust.
You feel strangely unstable. The kobold brigand closely misses you.
The kobold brigand splashes around in the water.
You hit the kobold brigand.
The kobold brigand is severely wounded.
You hit the kobold brigand.
The kobold brigand hits you with a +0 whip!
You die...

#.~.##
##..~#
#~~.#
#~~~#
#.~.#
#~~.#
##~~~##
##~~~##
#~~~~~#
#.~~~~#
#.###~#
#~###.#
#~ #~#
#~# #)#
#~ ##.##
##~###~##
#~@~#
#~~~#~~.#
#K#K#
#~#~#%#~#
#~ ~#
#~#~#~#~#
#~ ~#
#~#~#~#~#
#. .#
#.#.#.#.#
## ##
#########


You could see 2 kobold brigands.

Vanquished Creatures
  A phantom (D:4)
  2 jellies (D:4)
  A worm (D:2)
  A dart slug (D:1)
  5 ball pythons
  3 bats
  2 endoplasms
  A giant cockroach (D:1)
  2 goblins
  9 hobgoblins
  2 kobolds
  A quokka (D:1)
  4 frilled lizards
  6 rats
40 creatures vanquished.

Notes
Turn   | Place    | Note
-------+----------+-------------------------------------------
     0 | D:1      | qw the Gargoyle Fighter began the quest for the Orb.
     0 | D:1      | Reached XP level 1. HP: 14/14 MP: 1/1
     0 | D:1      | 0 ||| qw: Version: 0.2-a-102-gdf20003
     0 | D:1      | 0 ||| qw: Game counter: 699
     0 | D:1      | 0 ||| qw: Always use a shield: true
     0 | D:1      | 0 ||| qw: God list: Okawaru
     0 | D:1      | 0 ||| qw: Allow faded altars: false
     0 | D:1      | 0 ||| qw: Do Orc after D:15 true
     0 | D:1      | 0 ||| qw: Do second Lair branch before Depths: true
     0 | D:1      | 0 ||| qw: Lair rune preference: random
     0 | D:1      | 0 ||| qw: Plans: Normal, Zot:1-4, Slime:5, God:TSO, Crypt,
                  | Tomb, Pan, Hells, Abyss, Win
     0 | D:1      | 0 ||| PLANNING D:1-11
    78 | D:1      | Reached skill level 2 in Axes
   116 | D:1      | 116 ||| FLEEEEING.
   117 | D:1      | 117 ||| FLEEEEING.
   118 | D:1      | 118 ||| FLEEEEING.
   119 | D:1      | 119 ||| FLEEEEING.
   120 | D:1      | 120 ||| FLEEEEING.
   121 | D:1      | 121 ||| FLEEEEING.
   122 | D:1      | 122 ||| FLEEEEING.
   123 | D:1      | 123 ||| FLEEEEING.
   124 | D:1      | 124 ||| FLEEEEING.
   125 | D:1      | 125 ||| FLEEEEING.
   126 | D:1      | 126 ||| FLEEEEING.
   127 | D:1      | 127 ||| FLEEEEING.
   128 | D:1      | 128 ||| FLEEEEING.
   129 | D:1      | 129 ||| FLEEEEING.
   241 | D:1      | Reached XP level 2. HP: 19/19 MP: 2/2
   968 | D:1      | 968 ||| READING scroll labelled APRIM JOCVAMNOLAQ.
   969 | D:1      | 969 ||| READING 3 scrolls labelled PELIF VISYURGH.
  1045 | D:2      | Reached skill level 3 in Axes
  1091 | D:2      | Reached XP level 3. HP: 23/23 MP: 3/3
  1217 | D:2      | You fall into a shaft and drop 2 floors!
  1218 | D:4      | 1218 ||| PLANNING SEWER
  1218 | D:4      | Noticed a phantom
  1219 | D:4      | 1219 ||| Stepping ~*~*~tactically~*~*~ (stealth).
  1235 | D:4      | Killed a phantom
  1236 | D:4      | Reached skill level 4 in Axes
  1236 | D:4      | Reached XP level 4. HP: 21/28 MP: 4/4
  1281 | D:4      | Found a radiant altar of Vehumet.
  1295 | D:4      | Reached XP level 5. HP: 23/32 MP: 5/5
  1404 | D:4      | Reached skill level 5 in Axes
  1466 | D:4      | Found a glowing drain.
  1468 | D:4      | 1468 ||| READING scroll labelled DOEL GEOGYRE.
  1469 | D:4      | 1469 ||| READING 2 scrolls labelled TUSOX WYINARUPS.
  1495 | Sewer    | Entered a sewer
  1585 | Sewer    | Noticed a kobold brigand
  1585 | Sewer    | Noticed a kobold brigand
  1601 | Sewer    | HP: 5/32 [kobold brigand/+0 dagger (5)]
  1602 | Sewer    | 1602 ||| READING 2 scrolls of teleportation.
  1603 | Sewer    | Slain by a kobold brigand

Levels and vault maps discovered:
D:1:      eino_arrival_druids_welcome, layout_basic, moated_statue
D:2:      layout_loops_ring, minmay_puff, uniq_robin
D:4:      layout_cave_pools, vehumet_crystals, led_xom_imps,
          cheibrodos_sewer_entry_sluice
Sewer:    sewer_co_tree

Skill      XL: |  1  2  3  4  5 |
---------------+----------------+-----
Axes           | 2 3 4 5 |  5.1
Fighting       | |  3.3
Throwing       | |  0.2
Armour         | |  3.2
Shields        | |  3.2

Action                     |  1- 3 |  4- 6 || total
---------------------------+-------+-------++-------
  Melee: War axe           |    78 |    36 ||   114
  Throw: Boomerang         |       |     7 ||     7
    Use: Scroll            |     2 |     3 ||     5
 Armour: Scale mail        |    37 |    14 ||    51
  Dodge: Dodged            |    38 |    14 ||    52
  Block: Buckler           |    13 |     5 ||    18

Table legend:
 A = Non-vault XP
 B = Vault XP
 C = Vault XP percentage of total XP
 D = Non-vault monster count
 E = Vault monster count
 F = Vault count percentage of total count
                 A         B        C        D         E       F
            +---------+---------+-------+---------+---------+-------
      Total |     248 |       7 |   2.7 |      35 |       5 |  12.5
            +---------+---------+-------+---------+---------+-------
        D:1 |      29 |       0 |   0.0 |      17 |       0 |   0.0
        D:2 |      14 |       0 |   0.0 |       7 |       0 |   0.0
        D:4 |     205 |       2 |   1.0 |      11 |       2 |  15.4
      Sewer |       0 |       5 | 100.0 |       0 |       3 | 100.0
            +---------+---------+-------+---------+---------+-------
